 Dungeon Crawl Stone Soup version 0.31.0-12-g77e489cdc1 (webtiles) character file.

Game seed: 6754757328668090906

1184 ChrisAssaf the Covert (level 8, -7/42 HPs)
             Began as a Vine Stalker Delver on Feb 13, 2024.
             Mangled by a shadow (29 damage)
             ... on level 6 of the Dungeon.
             The game lasted 00:17:13 (5761 turns).

ChrisAssaf the Covert (Vine Stalker Delver)         Turns: 5761, Time: 00:17:14

Health: -7/42      AC:  2    Str: 16    XL:     8   Next: 42%
Magic:  0/12       EV: 12    Int: 20    God:
Gold:   37         SH:  0    Dex: 15    Spells: 3/11 levels left

rFire   + . .        y - +7 lajatang "Kubriux" {elec, Will+ Int+2}
rCold   . . .        (shield currently unavailable)
rNeg    . . .        u - +0 robe {rF+}
rPois   .            (no helmet)
rElec   .            (no cloak)
rCorr   .            (no gloves)
SInv    .            (no boots)
Will    ++...        (no amulet)
Stlth   ++++         A - +6 ring of intelligence
HPRegen 1.07/turn    (no ring)
MPRegen 0.13/turn

%: guardian spirit
@: no status effects
A: fangs 3, regeneration 1, magic shield, antimagic bite, no potion heal 2
a: no special abilities


You were on level 6 of the Dungeon.
You visited 1 branch of the dungeon, and saw 6 of its levels.
You also visited: Sewer.

You collected 477 gold pieces.
You spent 440 gold pieces at shops.

Inventory:

Hand Weapons
 a - a +0 hand axe
 i - a +3 war axe of venom
 y - the +7 lajatang "Kubriux" (weapon) {elec, Will+ Int+2}
   (You bought it in a shop on level 2 of the Dungeon)

   Int+2:     It affects your intelligence (+2).
   Will+:     It increases your willpower.
Missiles
 w - 7 silver javelins
 z - 5 boomerangs (quivered)
Armour
 b - a +0 leather armour
 u - a +0 robe of fire resistance (worn)
Jewellery
 p - an amulet of regeneration
 A - a +6 ring of intelligence (left hand)
Talismans
 m - a maw talisman
Wands
 e - a wand of charming (4)
 g - a wand of digging (4)
 r - a wand of light (9)
Scrolls
 c - a scroll of fog
 d - 2 scrolls of revelation
 s - a scroll of teleportation
Potions
 f - 3 potions of enlightenment
 h - 2 potions of resistance
 j - a potion of might {unknown}
 k - 6 potions of curing
 l - a potion of berserk rage {unknown}
 n - 5 potions of heal wounds {unknown}
 o - a potion of invisibility {unknown}
 q - a potion of mutation {unknown}
 t - a potion of magic {unknown}
 v - a potion of ambrosia {unknown}


   Skills:
 * Level 3.8 Fighting
 - Level 4.2 Axes
 * Level 0.2(2.5) Polearms
 * Level 0.2 Staves
 * Level 1.4 Throwing
 * Level 2.1 Armour
 * Level 2.6 Dodging
 * Level 8.8 Stealth
 * Level 2.4 Spellcasting
 * Level 0.3 Conjurations
 * Level 0.6 Necromancy
 * Level 0.6 Air Magic
 * Level 0.6 Alchemy
 * Level 2.2 Evocations
 * Level 1.3 Shapeshifting


You had 3 spell levels left.
You knew the following spells:

 Your Spells              Type           Power      Damage    Failure   Level
a - Mercury Vapours       Alch/Air       10%        N/A       17%         2
b - Fugue of the Fallen   Necr           4%         N/A       34%         3
c - Mephitic Cloud        Conj/Alch/Air  4%         N/A       36%         3

Your spell library contained the following spells:

 Spells                   Type           Power      Damage    Failure   Level
 Apportation              Tloc           4%         N/A       16%         1
 Jinxbite                 Hex            4%         N/A       22%         2
 Inner Flame              Hex/Fire       2%         N/A       41%         3
 Ozocubu's Armour         Ice            2%         N/A       41%         3
 Summon Ice Beast         Ice/Summ       2%         N/A       41%         3
 Manifold Assault         Tloc           2%         N/A       83%         4
 Alistair's Intoxication  Alch           3%         N/A       97%         5
 Freezing Cloud           Conj/Ice/Air   1%         6-21      98%         5
 Irradiate                Conj/Alch      2%         3d12      98%         5
 Summon Forest            Summ/Tloc      1%         N/A       99%         5
 Summon Mana Viper        Hex/Summ       2%         N/A       99%         5
 Summon Cactus Giant      Summ           1%         N/A       100%        6
 Monstrous Menagerie      Summ           1%         N/A       100%        7
 Ignition                 Fire           1%         3d3       100%        8


Dungeon Overview and Level Annotations

Branches:
Dungeon (6/15)              Sewer (visited)
 Temple: D:4-7

Altars:
Gozag
Trog

Shops:
D:2 (   D:5 *


Innate Abilities, Weirdness & Mutations

You have razor-sharp teeth.
Your natural rate of healing is unusually fast.
When hurt, damage is shared between your health and your magic reserves.
Your bite disrupts and absorbs the magic of your enemies.
Potions cannot restore your health.


Message History

The orc closely misses you. The orc hits you with a +0 dagger.
The orc barely misses you. The orc closely misses you.
The orc wizard hits you but does no damage.
You barely miss the orc. Your bite misses the orc.
The orc wizard hits you with a +0 dagger.
The shadow hits you. The orc hits you but does no damage.
The orc hits you with a +0 dagger. The orc hits you with a +0 club.
You closely miss the orc. Your bite misses the orc.
The orc is no longer weakened. x2
The shadow slips into darkness.
The shadow flickers and vanishes!
Deactivating autopickup; reactivate with Ctrl-A.
The orc wizard closely misses you. The orc hits you but does no damage. x2
The orc hits you with a +0 dagger.
As you read the scroll of summoning, it crumbles to dust.
Wisps of shadow whirl around you...
The shadow strikes at you from the darkness!
Reactivating autopickup.
The orc wizard hits you with a +0 dagger.
The orc misses you. The orc barely misses you.
The orc hits you with a +0 dagger.
The shadow slips into darkness.
The shadow flickers and vanishes!
Deactivating autopickup; reactivate with Ctrl-A.
The orc wizard hits you but does no damage.
The orc wizard attacks as it pursues you!
The orc wizard barely misses you.
The orc wizard casts a spell.
The orc wizard flickers and vanishes!
The orc closely misses you.
Your adder bites the orc.
The shadow strikes at your adder from the darkness!
Your adder dies!
Your adder's corpse dissolves into shadows!
The orc attacks as it pursues you! The orc hits you with a +0 club.
Your iguana misses something. You hit the orc.
Lightning courses through the orc!
You kill the orc!
The shadow strikes at you from the darkness!
Ouch! That really hurt!
You die...

#.##.# .... #....#
##.........
....#####...........
#...##.#........... ..
#......<.......... .......#
##.................
#....#.###............#.....
#...#.##.†.......l.........
#............@.)o...)......
#............#.o...........
#...##.......##...........
#...#............##......
##....####'####.## ......
###...#.^#†#^.#.# ..?...
##.....##^#.#^##.. .....
#......#.^#.#^.#... ###..
###......##^#.#^## ..


You could see 2 orcs and a friendly iguana (summoned).

Vanquished Creatures
  An ogre (D:4)
  2 centaurs
  A kobold brigand (Sewer)
  A bullfrog (D:6)
  2 scorpions
  A bombardier beetle (D:5)
  A jelly (D:5)
  4 orc priests
  2 hounds
  An iguana (D:6)
  Jessica (D:2)
  3 orc wizards
  Terence (D:3)
  5 gnolls (D:3)
  8 adders
  2 river rats (Sewer)
  An ufetubus (D:6)
  4 dart slugs
  4 ribbon worms
  17 orcs
  5 bats
  5 endoplasms
  6 giant cockroaches
  6 goblins
  10 hobgoblins
  11 jackals
  8 quokkas
  5 ball pythons
  7 frilled lizards
  16 kobolds
  8 rats
149 creatures vanquished.

Vanquished Creatures (collateral kills)
  An orc (D:4)
1 creature vanquished.

Grand Total: 150 creatures vanquished

Notes
Turn   | Place    | Note
-------+----------+-------------------------------------------
     0 | D:5      | ChrisAssaf the Vine Stalker Delver began the quest for the
                  | Orb.
     0 | D:5      | Reached XP level 1. HP: 11/11 MP: 2/2
    23 | D:5      | Found Qowy's Fire Supplies.
    71 | D:5      | Noticed a scorpion
    74 | D:5      | Noticed a centaur
   118 | D:5      | Noticed a bombardier beetle
   120 | D:5      | Found a bloodstained altar of Trog.
   152 | D:5      | Noticed a bombardier beetle
   175 | D:5      | Killed a bombardier beetle
   176 | D:5      | Reached XP level 2. HP: 16/16 MP: 3/3
   176 | D:5      | Reached XP level 3. HP: 19/19 MP: 4/4
   374 | D:5      | Reached skill level 7 in Stealth
   374 | D:5      | Reached XP level 4. HP: 18/23 MP: 2/5
   480 | D:5      | Killed a centaur
   481 | D:5      | Reached skill level 1 in Spellcasting
   481 | D:5      | Reached XP level 5. HP: 22/28 MP: 3/7
   545 | D:5      | Reached skill level 1 in Armour
   545 | D:5      | Reached skill level 1 in Evocations
   624 | D:5      | Reached XP level 6. HP: 32/32 MP: 7/9
   893 | D:4      | Reached skill level 8 in Stealth
  1170 | D:4      | Reached XP level 7. HP: 33/36 MP: 8/10
  2049 | D:3      | Found a glowing drain.
  2065 | Sewer    | Entered a sewer
  2116 | Sewer    | Reached skill level 1 in Throwing
  2207 | Sewer    | Found a white marble altar of Elyvilon.
  2324 | D:3      | Noticed Terence
  2352 | D:3      | Killed Terence
  2624 | D:3      | Found an opulent altar of Gozag.
  2630 | D:3      | Found a transporter.
  2645 | D:3      | Found a transporter.
  2849 | D:3      | Reached skill level 1 in Shapeshifting
  2851 | D:3      | Gained mutation: You have razor-sharp teeth. [Vine Stalker
                  | growth]
  2851 | D:3      | Reached XP level 8. HP: 29/42 MP: 5/12
  3116 | D:2      | Found Famarosuo's Antique Weapon Emporium.
  3392 | D:2      | Noticed Jessica
  3408 | D:2      | Killed Jessica
  3774 | D:2      | Learned a level 2 spell: Mercury Vapours
  4063 | D:1      | Learned a level 3 spell: Fugue of the Fallen
  4577 | D:1      | You fall into a shaft and drop 1 floor!
  5114 | D:6      | Learned a level 3 spell: Mephitic Cloud
  5321 | D:2      | Bought a bone lajatang for 440 gold pieces
  5321 | D:2      | Identified the +7 lajatang "Kubriux" {elec, Will+ Int+2}
                  | (You bought it in a shop on level 2 of the Dungeon)
  5746 | D:6      | Noticed a shadow
  5761 | D:6      | Mangled by a shadow

Illustrated notes

Levels and vault maps discovered:
D:1:      psy_arrival_heroes, layout_basic, minmay_tree_intersection
D:2:      kennysheep_six_static_rooms, layout_basic, serial_shops,
          shop_fountains, uniq_jessica
D:3:      cheibrodos_old_hovel, layout_rooms, gammafunk_temple_overflow_arena,
          gup_sewer_entry_pipe, dreamdust_mushroom_princess, st_stairs_12,
          uniq_terence
D:4:      layout_gridville, dreamdust_princess_corridor
D:5:      layout_cave_pools, mainiacjoe_overflow_brackets,
          nicolae_shop_fire_sale [nicolae_sub_dead_trees],
          kennysheep_pointless_box
D:6:      layout_cave_pools, minmay_temple_entry_glassed_door, grunt_tough_drop

Skill      XL: |  1  2  3  4  5  6  7  8 |
---------------+-------------------------+-----
Axes           | 2 3 4 |  4.2
Stealth        | 7 8 |  8.8
Fighting       | 3 |  3.8
Spellcasting   | 1 2 |  2.4
Armour         | 1 2 |  2.1
Dodging        | 2 |  2.6
Evocations     | 1 2 |  2.2
Throwing       | 1 |  1.4
Shapeshifting  | 1 |  1.3
Polearms       | |  0.2
Staves         | |  0.2
Conjurations   | |  0.3
Necromancy     | |  0.6
Air Magic      | |  0.6
Alchemy        | |  0.6

Action                     |  1- 3 |  4- 6 |  7- 9 || total
---------------------------+-------+-------+-------++-------
  Melee: Hand axe          |     9 |       |       ||     9
         Bite              |     4 |    12 |    36 ||    52
         War axe           |     4 |    33 |   159 ||   196
         Punch             |       |       |     2 ||     2
         Lajatang          |       |       |    20 ||    20
  Throw: Javelin           |       |     8 |    19 ||    27
         Boomerang         |       |       |    15 ||    15
   Cast: Mercury Vapours   |       |       |     3 ||     3
  Evoke: Wand              |       |     4 |     2 ||     6
    Use: Potion            |     1 |     1 |       ||     2
         Scroll            |     1 |     3 |     5 ||     9
   Stab: Sleeping          |     3 |       |    24 ||    27
         Held in net/web   |       |       |     1 ||     1
 Armour: Leather armour    |     7 |    19 |    99 ||   125
         Robe              |       |       |    58 ||    58
  Dodge: Dodged            |     7 |    30 |   193 ||   230
